 Dungeon Crawl Stone Soup version 0.25-a0-482-g9b3b753f3f (webtiles) character file.

Game seed: 14310792919905116579, levelgen mode: deterministic

65147 Roikka the Severer (level 14, -3/114 HPs)
             Began as a Minotaur Fighter on Feb 10, 2020.
             Was the Champion of Hepliaklqana.
             Killed by divine providence
             ... invoked by Saint Roka
              (13 damage)
             ... on level 2 of the Orcish Mines.
             The game lasted 00:55:04 (22404 turns).

Roikka the Severer (Minotaur Fighter)              Turns: 22404, Time: 00:55:04

Health: -3/114     AC: 23    Str: 25    XL:     14   Next: 74%
Magic:  6/6        EV: 12    Int:  5    God:    Hepliaklqana [******]
Gold:   1185       SH:  0    Dex: 13    Spells: 13/13 levels left

rFire    . . .     SeeInvis .   Q - +8 executioner's axe "Biafoly" {antimagic, rC+ MR+ Dex+2 Stlth+}
rCold    + . .     Gourm    .   (shield currently unavailable)
rNeg     . . .     Faith    .   S - +0 chain mail
rPois    .         Spirit   .   B - +2 hat
rElec    .         Reflect  .   E - scarf {repulsion}
rCorr    .         Harm     .   H - +0 pair of gloves of the Poles {MR+}
MR       +++..                  I - +2 pair of boots
Stlth    ..........             D - amulet of rage
HPRegen  0.69/turn              v - +4 ring of protection
MPRegen  0.10/turn              y - +3 ring of evasion

@: lethally poisoned (-3 -> -4), repel missiles
A: retaliatory headbutt, reduced essence, horns 2, blink, regeneration 1, sturdy
frame 1
a: Blink, Recall Ancestor, Ancestor Identity, Transference, Idealise, Renounce
Religion, Evoke Berserk Rage


You were on level 2 of the Orcish Mines.
You worshipped Hepliaklqana.
Hepliaklqana was exalted by your worship.
You were not hungry.

You visited 3 branches of the dungeon, and saw 20 of its levels.

You collected 1799 gold pieces.
You spent 614 gold pieces at shops.

Inventory:

Hand Weapons
 a - a +1 war axe
 b - the +8 whip "Snakebite" {curare, rPois}
   (You found it on level 1 of the Lair of Beasts)

   It poisons the flesh of those it strikes.
   It protects you from poison.
 Q - the +8 executioner's axe "Biafoly" (weapon) {antimagic, rC+ MR+ Dex+2 Stlth+}
   (You found it on level 6 of the Lair of Beasts)

   It reduces the magical energy of the wielder, and disrupts the spells and
   magical abilities of those hit.
   Natural abilities and divine invocations are not affected.
   It affects your dexterity (+2).
   It protects you from cold.
   It affects your resistance to hostile enchantments.
   It makes you more stealthy.
Missiles
 t - a throwing net (quivered)
Armour
 c - a +2 shield
 B - a +2 hat (worn)
 E - a scarf of repulsion (worn)
 H - the +0 pair of gloves of the Poles (worn) {MR+}
   (You bought it in a shop on level 9 of the Dungeon)

   It affects your resistance to hostile enchantments.
   If you remove this armour, your AC will decrease by 2 (23 -> 21).
 I - a +2 pair of boots (worn)
 L - a +0 hat of see invisible
 S - a +0 chain mail (worn)
Jewellery
 i - an uncursed ring of stealth
 v - a +4 ring of protection (left hand)
 y - a +3 ring of evasion (right hand)
 D - an amulet of rage (around neck)
 O - an uncursed ring of protection from fire
 P - an uncursed ring of protection from fire
 R - an uncursed ring of protection from fire
 U - the ring of Tiaph {rC+++ MR- MP+9 Str+2}
   (You took it off a deep elf mage on level 11 of the Dungeon)

   [ring of magical power]

   It affects your strength (+2).
   It renders you almost immune to cold.
   It affects your resistance to hostile enchantments.
   It affects your magic capacity (+9).
 Z - an uncursed ring of poison resistance
Wands
 d - a wand of acid (11)
 g - a wand of flame (15)
 s - a wand of scattershot (5)
 C - a wand of clouds (11)
 G - a wand of iceblast (22)
Scrolls
 h - 2 scrolls of blinking
 j - 2 scrolls of fear
 l - 5 scrolls of remove curse
 m - a scroll of magic mapping
 n - 8 scrolls of teleportation
 p - 4 scrolls of immolation
 M - 2 scrolls of enchant armour
 T - a scroll of holy word
Potions
 e - 4 potions of curing
 k - 2 potions of mutation
 o - 3 potions of flight
 q - a potion of magic
 r - 5 potions of heal wounds
 u - a potion of might
 w - 4 potions of ambrosia
 x - 3 potions of brilliance
 z - a potion of agility {unknown}
 A - a potion of invisibility
 F - a potion of lignification
 J - a potion of haste
 N - 2 potions of cancellation
Miscellaneous
 K - a phial of floods
 V - a box of beasts
 W - a fan of gales (inert)
Comestibles
 f - 30 rations
 X - 3 chunks of flesh


   Skills:
 * Level 12.7 Fighting
 * Level 18.7(18.8) Axes
 - Level 2.3(12.9) Maces & Flails
 + Level 11.7 Armour
 - Level 15.1 Shields
 + Level 7.3 Invocations


You had 13 spell levels left.
You didn't know any spells.
Your spell library contained the following spells:

 Spells                   Type           Power        Failure   Level  Hunger
 Animate Skeleton         Necr           N/A          86%         1    ##.....
 Apportation              Tloc           #.....       86%         1    ##.....
 Corona                   Hex            #......      86%         1    ##.....
 Magic Dart               Conj           #...         86%         1    ##.....
 Pain                     Necr           #...         86%         1    ##.....
 Summon Small Mammal      Summ           #...         86%         1    ##.....
 Blink                    Tloc           N/A          94%         2    ###....
 Call Imp                 Summ           #.......     94%         2    ###....
 Slow                     Hex            #.......     94%         2    ###....
 Call Canine Familiar     Summ           #.......     99%         3    ####...
 Conjure Flame            Conj/Fire      #.......     99%         3    ####...
 Mephitic Cloud           Conj/Pois/Air  #.......     99%         3    ####...
 Summon Guardian Golem    Hex/Summ       #.......     99%         3    ####...
 Vampiric Draining        Necr           #.........   99%         3    ####...
 Animate Dead             Necr           N/A          100%        4    #####..
 Summon Ice Beast         Ice/Summ       #.......     100%        4    #####..
 Summon Lightning Spire   Summ/Air       #.......     100%        4    #####..
 Agony                    Necr           #.......     100%        5    ######.
 Irradiate                Conj/Tmut      #.........   100%        5    ######.
 Hydra Form               Tmut           #.........   100%        6    #######
 Statue Form              Tmut/Erth      #........    100%        6    #######
 Dragon Form              Tmut           #.........   100%        7    #######


Dungeon Overview and Level Annotations

Branches:
Dungeon (12/15)            Temple (0/1) D:7            Lair (6/6) D:9
 Shoals (0/4) Lair:2       Spider (0/4) Lair:2        Slime (0/5) Lair:6
    Orc (2/2) D:9
    Elf: Orc:2

Altars:
Fedhas
Gozag
Hepliaklqana
Makhleb
Ru
Sif Muna
Trog
Wu Jian
Xom
Yredelemnul

Shops:
D:4 =   D:9 [   D:11 ?   D:12 ?

Annotations:
Orc:2 Saint Roka


Innate Abilities, Weirdness & Mutations

You reflexively headbutt those who attack you in melee.
You have a pair of horns on your head.
Your life essence is reduced to manifest your ancestor. (-10% HP)
You can translocate small distances at will.
Your natural rate of healing is unusually fast.
Your movements are slightly less encumbered by armour. (ER -2)


Message History

The orc wizard hits you but does no damage.
You are poisoned.
The orc warrior hits Jätski but does no damage.
The orc throws a boomerang.
The boomerang closely misses you.
The weapon returns to the orc!
An orc comes into view.
Saint Roka mumbles some strange prayers to Beogh against you.
Beogh smites you!
* * * LOW HITPOINT WARNING * * *
The orc wizard barely misses you. You furiously retaliate!
You headbutt the orc wizard!
Jätski hits the orc warrior with a +0 quarterstaff!!
There is a stone staircase leading up, spattered with blood here.
Items here: )) [ †† a +0 giant spiked club; a +0 short sword; a +0 chain mail; an ogre corpse an orc corpse You feel sick.
Saint Roka mumbles some strange prayers to Beogh against you.
Beogh smites you!
You die...

..... ......
.o.o.###.....
........#...
...{.......
#....$....#
##.....o..#
#........# #
#....@)#.#
###.oR))#
#..ooo)..#
#.$.Oo....#
#....{o...##
.........##
.....#####
..... ...


You could see the friendly Jätski the battlemage, Saint Roka, 3 orc warriors, an
ogre, 2 orc priests, an orc wizard and 2 orcs.

Vanquished Creatures
  Gastronok (Lair:2)
  A deep elf annihilator (D:12)
  Snorg (Lair:5)
  4 hydras
  A merfolk avatar (Lair:6)
  2 centaur warriors
  4 two-headed ogres
  A deep troll earth mage (D:12)
  The ghost of PeterQ the Carver, a novice VSMo of Ashenzari (D:8)
  A sea snake (Lair:6)
  2 deep elf magi
  A lindwurm (Lair:4)
  A harpy (Lair:6)
  2 cyclopes
  3 ugly things
  4 black mambas
  8 elephants
  A manticore (D:11)
  2 centaur zombies
  Maurice (D:9)
  A torpor snail (Lair:6)
  5 gargoyles
  6 spiny frogs
  A kobold demonologist (D:12)
  5 komodo dragons
  2 rime drakes (Lair:6)
  3 trolls
  12 blink frogs
  A slime creature (D:10)
  3 hornets
  4 dream sheep (Lair:5)
  5 hippogriffs
  A snapping turtle (Lair:2)
  2 vampires
  A redback (Lair:2)
  3 wyverns
  20 yaks
  A wraith (D:11)
  A basilisk (Lair:4)
  A steam dragon (D:8)
  4 vampire mosquitoes (D:12)
  A naga (shapeshifter) (D:12)
  A warg (Orc:1)
  Duvessa (D:4)
  18 water moccasins
  2 hell hounds (Lair:2)
  11 porcupines
  12 orc warriors
  4 ice beasts
  A sky beast (D:8)
  A necrophage (D:12)
  A phantom (D:7)
  5 centaurs
  9 ogres
  9 wolves
  11 crocodiles
  A big kobold (D:8)
  Blork the orc (D:4)
  13 bullfrogs
  Dowan (D:4)
  2 scorpions
  A wyvern skeleton (D:12)
  2 killer bees (D:9)
  3 wights (D:12)
  2 electric eels
  3 howler monkeys
  4 crimson imps
  A bullfrog zombie (D:8)
  A gnoll shaman (D:8)
  9 orc priests
  13 jellies
  2 bullfrog skeletons
  8 hounds
  14 orc wizards
  3 centaur skeletons
  2 iguanas (D:10)
  2 iron imps (D:3)
  8 worker ants
  A hound skeleton (D:11)
  A worker ant zombie (D:8)
  7 gnolls
  18 adders
  An ooze (D:2)
  3 adder zombies
  5 worms (D:2)
  2 dart slugs (D:1)
  A leopard gecko (D:7)
  53 orcs
  11 bats
  2 giant cockroaches
  12 goblins
  4 hobgoblins
  9 jackals
  7 kobolds
  A quokka (D:4)
  6 frilled lizards
  2 leopard gecko skeletons
  A quokka skeleton (D:6)
  7 rats
  2 plants
463 creatures vanquished.

Vanquished Creatures (collateral kills)
  A deep elf annihilator (D:12)
  A hydra (Lair:5)
  An unseen horror (D:11)
  A harpy (Lair:6)
  An ugly thing (D:12)
  A manticore (Lair:6)
  2 elephants (Lair:6)
  Joseph (D:10)
  3 black mambas
  9 spiny frogs
  2 rime drakes
  A centaur skeleton (D:12)
  4 komodo dragons
  A troll (D:11)
  3 polar bears (Lair:6)
  2 hornets
  2 blink frogs (Lair:6)
  Prince Ribbit (D:6)
  4 dream sheep (Lair:5)
  5 yaks
  A basilisk (Lair:6)
  3 hungry ghosts
  4 water moccasins
  2 acid dragons (D:12)
  A porcupine (D:9)
  An ice beast (D:11)
  4 orc warriors
  A phantom (D:10)
  A wolf (Lair:5)
  2 crocodiles
  3 bullfrogs
  A wyvern skeleton (D:12)
  3 killer bees (D:9)
  2 wights (D:12)
  An electric eel (D:12)
  A bullfrog zombie (D:8)
  2 crimson imps (D:12)
  3 jellies (Lair:6)
  A hound (D:12)
  3 orc priests
  An iron imp (D:3)
  5 orc wizards
  Ijyb (D:4)
  5 worker ants
  A hound zombie (D:6)
  Robin (D:4)
  A gnoll (D:9)
  A howler monkey skeleton (D:4)
  2 adders
  10 orcs
  3 hobgoblins
  A kobold (D:3)
  A bat (D:3)
  A frilled lizard (D:3)
  2 goblins (D:3)
  A fungus (D:9)
123 creatures vanquished.

Vanquished Creatures (others)
  A wizard (D:3)
  9 battlemagi
  An ancestor (D:3)
  9 fungi
  24 plants
44 creatures vanquished.

Grand Total: 630 creatures vanquished

Notes
Turn   | Place    | Note
-------+----------+-------------------------------------------
     0 | D:1      | Roikka the Minotaur Fighter began the quest for the Orb.
     0 | D:1      | Reached XP level 1. HP: 19/19 MP: 0/0
   130 | D:1      | Reached XP level 2. HP: 27/27 MP: 1/1
   223 | D:1      | Reached skill level 3 in Axes
   830 | D:2      | Reached XP level 3. HP: 15/33 MP: 2/2
  1069 | D:2      | Reached XP level 4. HP: 10/40 MP: 3/3
  1559 | D:2      | Found a basalt altar of Yredelemnul.
  1559 | D:2      | Found an opulent altar of Gozag.
  1590 | D:2      | Found a blossoming altar of Fedhas.
  1591 | D:2      | Reached skill level 4 in Axes
  1592 | D:2      | Found a bloodstained altar of Trog.
  1592 | D:2      | Found a shimmering altar of Xom.
  1594 | D:2      | Found a hazy altar of Hepliaklqana.
  1595 | D:2      | Found a shimmering blue altar of Sif Muna.
  1631 | D:2      | Became a worshipper of Hepliaklqana the Forgotten
  1789 | D:2      | Reached skill level 5 in Shields
  2291 | D:3      | Reached XP level 5. HP: 33/41 MP: 4/4
  2406 | D:3      | Found a sacrificial altar of Ru.
  2419 | D:3      | Reached skill level 5 in Axes
  2856 | D:3      | Found a burning altar of Makhleb.
  2880 | D:3      | Reached XP level 6. HP: 42/46 MP: 5/5
  2937 | D:3      | Found a bloodstained altar of Trog.
  2939 | D:3      | Noticed a wizard
  2944 | D:3      | Killed a wizard
  3134 | D:4      | Reached * piety under Hepliaklqana
  3151 | D:4      | Noticed Blork the orc
  3159 | D:4      | Killed Blork the orc
  3159 | D:4      | Reached skill level 6 in Axes
  3352 | D:4      | Noticed Ijyb
  3366 | D:4      | Killed Ijyb
  3613 | D:4      | Noticed Dowan
  3613 | D:4      | Noticed Duvessa
  3629 | D:4      | Killed Duvessa
  3629 | D:4      | Reached XP level 7. HP: 49/53 MP: 6/6
  3631 | D:4      | Killed Dowan
  3669 | D:4      | Reached skill level 7 in Axes
  3714 | D:4      | Found Fytwul's Jewellery Shoppe.
  3723 | D:4      | Noticed Robin
  3735 | D:4      | Killed Robin
  4053 | D:4      | Reached skill level 8 in Axes
  4298 | D:5      | Entered Level 5 of the Dungeon
  4419 | D:5      | Reached XP level 8. HP: 59/59 MP: 7/7
  4907 | D:5      | Reached ** piety under Hepliaklqana
  4908 | D:5      | Remembered your ancestor Jätski as a battlemage
  4919 | D:5      | You fall into a shaft and drop 3 floors!
  4943 | D:8      | Reached skill level 9 in Axes
  5139 | D:8      | Reached skill level 10 in Axes
  5280 | D:8      | Reached XP level 9. HP: 58/63 MP: 8/8
  5288 | D:8      | Found a runed translucent door.
  5288 | D:8      | Noticed PeterQ's ghost (novice VSMo)
  5301 | D:8      | Reached skill level 11 in Axes
  5384 | D:7      | Reached skill level 10 in Shields
  6268 | D:5      | Reached *** piety under Hepliaklqana
  6602 | D:6      | Reached skill level 12 in Axes
  6616 | D:6      | Noticed Prince Ribbit
  6739 | D:6      | Killed Prince Ribbit
  6795 | D:7      | Found an ornate altar of the Wu Jian Council.
  6992 | D:7      | Found a staircase to the Ecumenical Temple.
  7734 | D:8      | Killed PeterQ's ghost
  7778 | D:9      | Reached skill level 13 in Axes
  7785 | D:9      | Reached XP level 10. HP: 22/70 MP: 9/9
  8223 | D:9      | Noticed Maurice
  8239 | D:9      | Killed Maurice
  8603 | D:9      | Found Koeb's Armour Shoppe.
  8610 | D:9      | Bought the cursed +0 pair of gloves of the Poles {MR+} for
                  | 211 gold pieces
  8610 | D:9      | Bought a +2 pair of boots for 247 gold pieces
  8694 | D:9      | Found a staircase to the Orcish Mines.
  8885 | D:9      | Found a staircase to the Lair.
  8901 | Lair:1   | Entered Level 1 of the Lair of Beasts
  9442 | D:10     | Entered Level 10 of the Dungeon
  9626 | D:10     | Noticed a two-headed ogre
  9627 | D:10     | Reached **** piety under Hepliaklqana
  9636 | D:10     | Killed a two-headed ogre
  9636 | D:10     | Reached skill level 14 in Axes
 10041 | D:10     | Noticed Joseph
 10055 | D:10     | Killed Joseph
 10464 | D:11     | Found Xeduzis's Magic Scroll Shop.
 10523 | D:11     | Reached skill level 15 in Axes
 10538 | D:11     | Noticed a two-headed ogre
 10543 | D:11     | Noticed a gargoyle
 10549 | D:11     | Killed a two-headed ogre
 10549 | D:11     | Reached XP level 11. HP: 47/75 MP: 10/10
 11464 | D:11     | Noticed a two-headed ogre
 11472 | D:11     | Noticed a centaur warrior
 11475 | D:11     | Identified the +5 flail of Incongruity {vorpal, Str+2}
 11475 | D:11     | Identified the ring of Tiaph {rC+++ MR- MP+9 Str+2}
 11475 | D:11     | Noticed a deep elf mage
 11476 | D:11     | Noticed a brown ugly thing
 11483 | D:11     | Killed a two-headed ogre
 11497 | D:11     | Reached skill level 16 in Axes
 11498 | D:11     | Killed an unseen horror
 12269 | Lair:1   | Reached ***** piety under Hepliaklqana
 12710 | Lair:1   | Found the +8 whip "Snakebite" {curare, rPois}
 12886 | Lair:2   | Found a hole to the Spider Nest.
 12891 | Lair:2   | Reached skill level 17 in Axes
 13110 | Lair:2   | Found a staircase to the Shoals.
 13131 | Lair:2   | Reached skill level 1 in Invocations
 13417 | Lair:2   | Noticed Gastronok
 13432 | Lair:2   | Killed Gastronok
 13432 | Lair:2   | Reached skill level 5 in Fighting
 13432 | Lair:2   | Reached skill level 1 in Maces & Flails
 13432 | Lair:2   | Reached skill level 5 in Armour
 13432 | Lair:2   | Reached XP level 12. HP: 63/84 MP: 10/12
 15392 | Lair:4   | Got a brightly glowing steel ring
 16266 | Lair:5   | Noticed a six-headed hydra
 16268 | Lair:5   | Reached XP level 13. HP: 97/97 MP: 15/15
 16413 | Lair:5   | Noticed Snorg
 16430 | Lair:5   | Killed Snorg
 17217 | Lair:6   | Entered Level 6 of the Lair of Beasts
 17527 | Lair:6   | Reached skill level 5 in Invocations
 17740 | Lair:6   | Reached skill level 10 in Fighting
 17745 | Lair:6   | Identified the ring "Kiahuc" {*Tele rElec Str+6} (You found
                  | it on level 4 of the Lair of Beasts)
 17847 | Lair:6   | Reached skill level 10 in Armour
 17964 | Lair:6   | Got a fine garnet amulet
 17965 | Lair:6   | Identified the amulet of Woinofra {Harm *Drain Int+4 SInv}
                  | (You found it on level 6 of the Lair of Beasts)
 18179 | Lair:6   | Reached skill level 15 in Shields
 18260 | Lair:6   | Reached ****** piety under Hepliaklqana
 18470 | Lair:6   | Found a staircase to the Slime Pits.
 18551 | Lair:6   | Reached XP level 14. HP: 55/109 MP: 17/17
 18889 | Lair:6   | Got a jewelled executioner's axe
 18913 | Lair:6   | Identified the +8 executioner's axe "Biafoly" {antimagic,
                  | rC+ MR+ Dex+2 Stlth+} (You found it on level 6 of the Lair
                  | of Beasts)
 19328 | D:11     | Reached skill level 18 in Axes
 19620 | D:11     | Paralysed by a hornet for 1 turns
 19623 | D:11     | Identified the cursed +0 quarterstaff "Alef" {vorpal,
                  | Int+3}
 20543 | D:12     | Gained mutation: You are frail. (-10% HP) [potion of
                  | mutation]
 20543 | D:12     | Gained mutation: Your mind is acute. (Int +2) [potion of
                  | mutation]
 20549 | D:12     | Lost mutation: You are frail. (-10% HP) [potion of
                  | mutation]
 20549 | D:12     | Lost mutation: Your mind is acute. (Int +2) [potion of
                  | mutation]
 20549 | D:12     | Gained mutation: Your movements are slightly less
                  | encumbered by armour. (ER -2) [potion of mutation]
 20549 | D:12     | Gained mutation: You can translocate small distances at
                  | will. [potion of mutation]
 20549 | D:12     | Gained mutation: Your natural rate of healing is unusually
                  | fast. [potion of mutation]
 21800 | D:12     | Found Fuatyseroun's Magic Scroll Shop.
 21808 | D:12     | Bought a scroll of identify for 30 gold pieces
 21808 | D:12     | Bought a scroll of identify for 30 gold pieces
 21954 | D:11     | Bought a scroll of identify for 32 gold pieces
 21954 | D:11     | Bought a scroll of identify for 32 gold pieces
 21954 | D:11     | Bought a scroll of identify for 32 gold pieces
 22000 | Orc:1    | Entered Level 1 of the Orcish Mines
 22392 | Orc:2    | Entered Level 2 of the Orcish Mines
 22394 | Orc:2    | Noticed Saint Roka
 22404 | Orc:2    | Killed from afar by Saint Roka

Levels and vault maps discovered:
D:1:      dpeg_arrival_brainrot, layout_loops_ring, grunt_decor_cap
D:2:      layout_basic, minitemple, first_ration,
          chequers_serial_rivers_micro_c, minmay_pentomino_pile
D:3:      layout_rooms, demons_altar, nicolae_ru_great_annihilating_truth,
          trog_wizard
D:4:      layout_basic, serial_shops, shop, serial_curves, eino_curves_04,
          eino_curves_03, minmay_misc_feat_room, kennysheep_generic_room_7,
          uniq_duvessa, uniq_robin, uniq_ijyb, uniq_blork_the_orc
D:5:      layout_basic
D:6:      layout_basic, uniq_prince_ribbit1
D:7:      layout_loops_ring, nicolae_overflow_crystal_walls,
          minmay_temple_entry_statues_pillars
D:8:      layout_loops_ring, ebering_ghost_reflecting_pool
D:9:      layout_loops_corners, grunt_lair_entry_orc_guard_hut, orc_0_dummy,
          serial_shops, nicolae_shop_statue_plus, serial_rivers,
          chequers_serial_rivers_small_3, chequers_serial_rivers_micro_e,
          chequers_serial_rivers_small_3, chequers_serial_rivers_room_a,
          chequers_serial_rivers_micro_e, chequers_serial_rivers_marsh,
          uniq_maurice
D:10:     layout_loops_corners, corexii_hall_statues_t, uniq_joseph
D:11:     layout_loops_corners, serial_shops, shop_fountains,
          minmay_misc_feat_pillars, minmay_the_grid_square_5x5_3x3_mashed
          [minmay_the_grid_square_5x5_bracketed, minmay_the_grid_square_5x5_meh,
          minmay_the_grid_square_5x5_tetrominoes,
          minmay_the_grid_square_5x5_dogpile,
          minmay_the_grid_square_5x5_megaprize_checkered,
          minmay_the_grid_square_5x5_inverted_slash,
          minmay_the_grid_square_5x5_seven,
          minmay_the_grid_square_5x5_sharp_hourglass,
          minmay_the_grid_square_5x5_longway]
D:12:     kennysheep_snake, layout_irregular_city, serial_shops, shop_statue,
          serial_bayou, serial_bayou_pond_b, serial_bayou_ford_a,
          serial_bayou_pond_d, serial_bayou_pond_e
Lair:1:   minmay_guarded_unrand_snakebite, layout_big_grid, lemuel_fruit_fields,
          lemuel_fruit_fields
Lair:2:   layout_gridlike, minmay_shoals_entry_hut, spider_nest_entry_a,
          enter_volcano_3, uniq_gastronok
Lair:3:   wander_river, layout_cave_pods, st_stairs_12, hibernation_bobbens
Lair:4:   layout_regular_city
Lair:5:   layout_misc_corridors, lemuel_fruit_tree, uniq_snorg
Lair:6:   gammafunk_lair_ancient_temple, layout_regular_city,
          minmay_slime_entry_jelly_boxes, nicolae_lair_grove_arrangements
Orc:1:    layout_caves
Orc:2:    st_orc_open, layout_diamond_mine, basic_altar, nicolae_orc_tapped_out,
          uniq_saint_roka, uniq_urug

Skill      XL: |  1  2  3  4  5  6  7  8  9 10 11 12 13 14 |
---------------+-------------------------------------------+-----
Shields        | 4 5 6 7 8 9 11 12 13 14 15 | 15.1
Axes           | 3 4 5 6 8 10 13 15 17 18 | 18.7
Fighting       | 4 5 8 10 12 | 12.7
Armour         | 5 8 10 11 | 11.7
Invocations    | 1 4 6 7 |  7.3
Maces & Flails | 1 2 |  2.3

Action                   |  1- 3 |  4- 6 |  7- 9 | 10-12 | 13-15 || total
-------------------------+-------+-------+-------+-------+-------++-------
Melee: War axe           |    92 |   130 |   316 |   301 |       ||   839
       Headbutt          |    13 |    25 |    59 |   123 |   115 ||   335
       Whip              |       |       |       |   306 |   306 ||   612
       Executioner's axe |       |       |       |       |   242 ||   242
Invok: Ancestor Identity |       |       |     2 |       |       ||     2
       Recall Ancestor   |       |       |     1 |     1 |       ||     2
       Ancestor Life: Ba |       |       |     1 |       |       ||     1
Evoke: Wand              |       |       |       |     1 |     1 ||     2
       Fan of gales      |       |       |       |       |     1 ||     1
       Box of beasts     |       |       |       |       |     1 ||     1
  Use: Potion            |     1 |       |       |     2 |     3 ||     6
       Scroll            |       |     3 |    11 |    10 |    13 ||    37
 Stab: Distracted        |       |       |     2 |     2 |     4 ||     8
  Eat: Chunk             |     1 |     8 |    10 |    18 |    20 ||    57
       Ration            |       |       |     1 |     3 |       ||     4
Armor: Scale mail        |    50 |    15 |       |       |       ||    65
       Chain mail        |       |    44 |    85 |   155 |   212 ||   496
Dodge: Dodged            |    28 |    30 |    60 |   147 |   218 ||   483
       Deflected         |       |       |       |     4 |    14 ||    18
Block: Shield            |    59 |    57 |   173 |   313 |   174 ||   776

Table legend:
 A = Non-vault XP
 B = Vault XP
 C = Vault XP percentage of total XP
 D = Non-vault monster count
 E = Vault monster count
 F = Vault count percentage of total count
                 A         B        C        D         E       F
            +---------+---------+-------+---------+---------+-------
      Total |   51749 |   41319 |  44.4 |     418 |     165 |  28.3
            +---------+---------+-------+---------+---------+-------
        D:1 |      33 |       2 |   5.7 |      17 |       1 |   5.6
        D:2 |     100 |       8 |   7.4 |      23 |       3 |  11.5
        D:3 |     140 |     163 |  53.8 |      20 |       7 |  25.9
        D:4 |     515 |     435 |  45.8 |      19 |      17 |  47.2
        D:5 |     430 |       0 |   0.0 |      14 |       0 |   0.0
        D:6 |     800 |     259 |  24.5 |      25 |       1 |   3.8
        D:7 |     168 |       0 |   0.0 |       4 |       0 |   0.0
        D:8 |    1453 |     767 |  34.5 |      35 |       1 |   2.8
        D:9 |     858 |    1097 |  56.1 |      18 |       6 |  25.0
       D:10 |    2230 |    2743 |  55.2 |      18 |       6 |  25.0
       D:11 |    4030 |    5209 |  56.4 |      20 |      18 |  47.4
       D:12 |    4983 |   12081 |  70.8 |      39 |      37 |  48.7
     Lair:1 |    2846 |    1989 |  41.1 |      10 |      13 |  56.5
     Lair:2 |     275 |    3145 |  92.0 |       3 |       5 |  62.5
     Lair:3 |    6644 |     506 |   7.1 |      26 |       2 |   7.1
     Lair:4 |    4195 |       0 |   0.0 |      17 |       0 |   0.0
     Lair:5 |    6816 |    1805 |  20.9 |      29 |       3 |   9.4
     Lair:6 |   13305 |   10665 |  44.5 |      41 |      39 |  48.8
      Orc:1 |    1729 |       0 |   0.0 |      36 |       0 |   0.0
      Orc:2 |     199 |     445 |  69.1 |       4 |       6 |  60.0
            +---------+---------+-------+---------+---------+-------
